[Event "Titled Tuesday Blitz April 26 Early 2022"]
[White "Nakamura, Hikaru"]
[Black "Esipenko, Andrey"]
[WhiteFideId "2016192"]
[BlackFideId "24175439"]
[WhiteElo "2850"]
[BlackElo "2617"]
[Result "1/2-1/2"]
[Round "07"]
[TimeControl "180+1"]
[Date "2022.04.26"]
[WhiteClock "0:00:11"]
[BlackClock "0:00:05"]

1. Nf3 d5 2. e3 Nf6 3. c4 e6 4. b3 Bd6 5. Bb2 O-O 6. g3 b6 7. Bg2 Bb7 8. O-O Nbd7 9. d3 Qe7 10. Qe2 a6 11. Nbd2 Ba3 12. Bxa3 Qxa3 13. Rfc1 Rac8 14. cxd5 exd5 15. Bh3 Rfe8 16. Rc2 Qd6 17. Rac1 c5 18. d4 Rc7 19. dxc5 bxc5 20. Qd3 Nb6 21. Bg2 Rd8 22. Qc3 Nbd7 23. Qa5 g6 24. Rd1 Qb6 25. Qxb6 Nxb6 26. Rdc1 Nbd7 27. Ne1 a5 28. Nd3 Rdc8 29. Nb2 Nb6 30. Nb1 a4 31. bxa4 c4 32. Nc3 Ra8 33. Rd2 Ra5 34. Rd4 Kg7 35. Bf3 Rcc5 36. Rb1 Bc6 37. Bd1 h5 38. Bc2 Nbd7 39. Nbd1 Nf8 40. Nb5 Ne6 41. Rd2 Bxb5 42. axb5 Rcxb5 43. Rxb5 Rxb5 44. a4 Rb4 45. Nc3 Rb2 46. Kf1 d4 47. exd4 Nxd4 48. Rxd4 Rxc2 49. Ne2 Ng4 50. Ke1 Nxh2 51. Kd1 Ra2 52. Rxc4 Ng4 53. Ke1 Ne5 54. Rc3 Rxa4 55. Kf1 Ra1+ 56. Kg2 Ra2 57. Kf1 Ng4 58. f3 Ne5 59. Ng1 g5 60. Nh3 f6 61. f4 g4 62. fxe5 gxh3 63. exf6+ Kxf6 64. Kg1 Kg5 65. Rc4 Rg2+ 66. Kh1 Rxg3 67. Kh2 Rg4 68. Rc5+ Kh4 69. Rc3 Rg2+ 70. Kh1 Rg4 71. Kh2 Rg2+ 72. Kh1 Rg4 73. Kh2 1/2-1/2


[Site "https://www.chess.com"]

[Event "Titled Tuesday Blitz April 26 Early 2022"]
[White "Narayanan, Srinath"]
[Black "Jaskolka, Tomasz"]
[WhiteFideId "5018420"]
[BlackFideId "1170791"]
[WhiteElo "2472"]
[BlackElo "2073"]
[Result "1-0"]
[Round "07"]
[TimeControl "180+1"]
[Date "2022.04.26"]
[WhiteClock "0:00:31"]
[BlackClock "0:00:14"]

1. e4 c5 2. Nf3 e6 3. d4 cxd4 4. Nxd4 Nc6 5. Nc3 Qc7 6. Be2 a6 7. O-O Nf6 8. Be3 Be7 9. f4 d6 10. Qe1 b5 11. Nxc6 Qxc6 12. e5 Nd5 13. Nxd5 exd5 14. exd6 Qxd6 15. a4 bxa4 16. Rxa4 O-O 17. Bd3 Bd7 18. Ra1 d4 19. Bd2 Bc6 20. Qg3 Bf6 21. Qh3 g6 22. f5 Bg7 23. Bg5 Rfe8 24. Bh6 Bh8 25. Rf2 Rab8 26. Raf1 Bd5 27. fxg6 hxg6 28. b3 Rb7 29. Bg5 Bg7 30. Qh4 Qe5 31. Bxa6 Rb6 32. Bd3 f5 33. Bf4 Qf6 34. Qg3 Kf7 35. Bc7 Rbe6 36. Bxf5 gxf5 37. Rxf5 Re2 38. Rxd5 Qxf1+ 39. Kxf1 Re1+ 40. Qxe1 Rxe1+ 41. Kxe1 Ke6 42. Rb5 Kd7 43. Bg3 Kc6 44. Rf5 d3 45. cxd3 Bc3+ 46. Ke2 Bd4 47. h4 Kb6 48. h5 Ka6 49. h6 Kb6 50. Bf2 Ka6 51. Bxd4 Kb7 52. h7 Ka6 53. h8=Q Kb7 54. Qg7+ Kc6 55. b4 Kd6 56. b5 Ke6 57. Rc5 Kd6 58. b6 Ke6 59. b7 Kd6 60. b8=Q+ Ke6 61. Qb4 Kd6 62. g4 Ke6 63. Qgb7 Kd6 64. g5 Ke6 65. g6 Kd6 66. g7 Ke6 67. g8=Q+ Kd6 68. Qgg2 Ke6 69. Be3 Kd6 1-0


[Site "https://www.chess.com"]

[Event "Titled Tuesday Blitz April 26 Early 2022"]
[White "Noboa Silva, Kevin"]
[Black "Srebrnic, Marko"]
[WhiteFideId "3618471"]
[BlackFideId "14603616"]
[WhiteElo "2172"]
[BlackElo "2340"]
[Result "1-0"]
[Round "07"]
[TimeControl "180+1"]
[Date "2022.04.26"]
[WhiteClock "0:00:07"]
[BlackClock "0:01:19"]

1. e4 c5 2. c3 Nf6 3. e5 Nd5 4. d4 cxd4 5. cxd4 e6 6. Nf3 d6 7. Bc4 Nb6 8. Bd3 Nc6 9. O-O dxe5 10. dxe5 Bc5 11. Qe2 Nd4 12. Nxd4 Bxd4 13. Bf4 Nd5 14. Bg3 Qb6 15. Nc3 Bxc3 16. bxc3 Nxc3 17. Qg4 g6 18. Bh4 h6 19. Bxg6 Rg8 20. Bxf7+ Kxf7 21. Qf3+ Ke8 22. Qxc3 Bd7 23. Rad1 Rc8 24. Qh3 Rc4 25. Rd6 Rc6 26. Rd3 Qb5 27. Rg3 Rf8 28. Bf6 Qe2 29. Re3 Qd2 30. Qh5+ Rf7 31. Rg3 Kf8 32. Qg6 Ke8 33. Qh5 Kf8 34. Rf3 Rc1 35. Bg7+ Ke7 36. Qxf7+ Kd8 37. Qf8+ Be8 38. Bf6+ Kc7 39. Qd6+ Qxd6 40. exd6+ 1-0


[Site "https://www.chess.com"]

[Event "Titled Tuesday Blitz April 26 Early 2022"]
[White "Nozdrachev, Leonid"]
[Black "Petrova, Irina"]
[WhiteFideId "24113433"]
[BlackFideId "14124122"]
[WhiteElo "2242"]
[BlackElo "1993"]
[Result "1-0"]
[Round "07"]
[TimeControl "180+1"]
[Date "2022.04.26"]
[WhiteClock "0:00:44"]
[BlackClock "0:00:17"]

1. e4 c5 2. c3 Nf6 3. e5 Nd5 4. d4 cxd4 5. Nf3 Nc6 6. Bc4 Nb6 7. Bb3 d5 8. exd6 e6 9. O-O Bxd6 10. cxd4 O-O 11. Nc3 Be7 12. Re1 Bf6 13. Be3 Nb4 14. Ne4 N4d5 15. Nxf6+ Qxf6 16. Bg5 Qg6 17. h3 Bd7 18. Qd2 f6 19. Bh4 Rac8 20. Bg3 Kh8 21. Nh4 Qh5 22. Bd1 Qf7 23. a3 Rfd8 24. Qd3 g5 25. Nf3 Nf4 26. Bxf4 gxf4 27. Qd2 Nd5 28. Bb3 Rg8 29. Bxd5 exd5 30. Qxf4 Bxh3 31. g3 Rc2 32. Rac1 Rxc1 33. Rxc1 Qh5 34. Qxf6+ Rg7 35. Qf8+ Rg8 36. Qf6+ Rg7 37. Rc7 Qg6 38. Qe5 h6 39. Rxb7 Kh7 40. Rxg7+ Qxg7 41. Qxg7+ Kxg7 42. Ne5 Kf6 43. g4 Kg5 44. f3 Kf4 45. Kf2 a6 46. b4 h5 47. gxh5 Bf5 48. h6 Bh7 49. a4 1-0


[Site "https://www.chess.com"]

[Event "Titled Tuesday Blitz April 26 Early 2022"]
[White "Nurmanova, Alua"]
[Black "Akrakan"]
[WhiteFideId "13729390"]
[WhiteElo "1905"]
[BlackElo "2081"]
[Result "0-1"]
[Round "07"]
[TimeControl "180+1"]
[Date "2022.04.26"]
[WhiteClock "0:01:54"]
[BlackClock "0:02:00"]

1. e4 c5 2. Nf3 Nc6 3. d4 cxd4 4. Nxd4 Nf6 5. Nc3 d6 6. Bg5 Qa5 7. Nb3 Qxg5 8. Nb5 Kd8 9. Qd3 a6 10. N5d4 Bd7 11. h4 Qg4 12. Be2 Qxe4 13. Qd2 Nxd4 14. Nxd4 e5 15. Nf3 Rc8 16. O-O-O Qf4 0-1


[Site "https://www.chess.com"]

[Event "Titled Tuesday Blitz April 26 Early 2022"]
[White "O`Gorman, Tom"]
[Black "Moiseenko, Alexander"]
[WhiteFideId "2508249"]
[BlackFideId "14102560"]
[WhiteElo "2247"]
[BlackElo "2577"]
[Result "1/2-1/2"]
[Round "07"]
[TimeControl "180+1"]
[Date "2022.04.26"]
[WhiteClock "0:00:42"]
[BlackClock "0:00:08"]

1. d4 Nf6 2. c4 c5 3. d5 b5 4. cxb5 a6 5. bxa6 e6 6. Nc3 exd5 7. Nxd5 Be7 8. Nf3 Nxd5 9. Qxd5 Rxa6 10. e4 Re6 11. Bc4 Qb6 12. O-O Bb7 13. Qh5 g6 14. Qh6 Rxe4 15. Qg7 Qf6 16. Bxf7+ Kd8 17. Bh6 Rg4 18. Ne1 Kc7 19. Rd1 Qxg7 20. Bxg7 Rd8 21. f3 Rb4 22. b3 Nc6 23. Nd3 Rb6 24. Bd5 Ra8 25. Rfe1 Bd6 26. a4 Ba6 27. Ne5 Rab8 28. Nxc6 dxc6 29. Be6 Re8 30. Bf7 Rxe1+ 31. Rxe1 c4 32. Bxc4 Bxc4 33. bxc4 Rb4 34. Be5 Bxe5 35. Rxe5 Rxc4 36. a5 Ra4 37. Kf2 Kd6 38. Rg5 c5 39. h4 Rxa5 40. h5 gxh5 41. Rxh5 Ra2+ 42. Ke3 Rxg2 43. Rxh7 Kd5 44. Rh5+ Kc4 45. Rh4+ Kb3 46. Rh8 c4 47. Rb8+ Kc2 48. f4 c3 49. Ke4 Re2+ 50. Kd5 Kd1 51. f5 c2 52. Rc8 Rf2 53. Ke6 c1=Q 54. Rxc1+ Kxc1 55. f6 Kd2 56. f7 Ke3 57. Ke7 Ke4 58. f8=Q Rxf8 59. Kxf8 1/2-1/2


[Site "https://www.chess.com"]

[Event "Titled Tuesday Blitz April 26 Early 2022"]
[White "Oganian, Miran"]
[Black "Belozerov, Andrei"]
[WhiteFideId "4122488"]
[BlackFideId "4120213"]
[WhiteElo "2357"]
[BlackElo "2320"]
[Result "1-0"]
[Round "07"]
[TimeControl "180+1"]
[Date "2022.04.26"]
[WhiteClock "0:00:38"]
[BlackClock "0:00:16"]

1. d4 d5 2. Nc3 Nf6 3. Bf4 c5 4. e3 cxd4 5. exd4 Bg4 6. f3 Bd7 7. Bd3 e6 8. Nge2 a6 9. O-O Nc6 10. a3 Be7 11. Kh1 O-O 12. g4 Na5 13. Ng3 Nc4 14. Bc1 Bc6 15. g5 Nd7 16. f4 g6 17. h4 Bd6 18. h5 Qc7 19. Kg2 Rae8 20. Qg4 f5 21. Qh4 Re7 22. Rh1 Rg7 23. b3 b5 24. Kf1 Nxa3 25. Bxa3 b4 26. Bc1 bxc3 27. Rxa6 Kf7 28. Be3 Ra8 29. Rxa8 Bxa8 30. Kf2 Bc6 31. Ra1 Qb7 32. Ra6 Nb8 33. Ra1 Bb5 34. Bxb5 Qxb5 35. hxg6+ hxg6 36. Ra7+ Nd7 37. Qh8 Bf8 38. Bc1 Ke8 39. Ba3 Rf7 40. Ra8+ Nb8 41. Nh5 gxh5 42. g6 Qb7 43. gxf7+ Kd7 44. Qxf8 Qxa8 45. Qe8+ Kc7 46. f8=Q Qa7 47. Qfe7+ 1-0


[Site "https://www.chess.com"]

[Event "Titled Tuesday Blitz April 26 Early 2022"]
[White "Omelja, Artem"]
[Black "Popadic, Dragan"]
[WhiteFideId "14119846"]
[BlackFideId "913650"]
[WhiteElo "2382"]
[BlackElo "2203"]
[Result "0-1"]
[Round "07"]
[TimeControl "180+1"]
[Date "2022.04.26"]
[WhiteClock "0:00:02"]
[BlackClock "0:00:01"]

1. d4 Nf6 2. c4 g6 3. Nc3 Bg7 4. e4 d6 5. f3 O-O 6. Be3 c5 7. Nge2 Nc6 8. d5 Ne5 9. Ng3 a6 10. Be2 e6 11. a4 exd5 12. cxd5 Bd7 13. O-O b5 14. axb5 axb5 15. Bxb5 Bxb5 16. Nxb5 Qb6 17. Qe2 Rab8 18. Na7 Qxb2 19. Qxb2 Rxb2 20. Bf4 Nfd7 21. Ra6 Ra8 22. Rfa1 Nc4 23. Nc6 Rxa6 24. Rxa6 h6 25. h4 Nde5 26. Bxe5 Nxe5 27. Ra8+ Kh7 28. Rd8 Nc4 29. h5 Ne3 30. hxg6+ fxg6 31. Nf1 Rb1 32. Rxd6 Rxf1+ 33. Kh2 c4 34. Rd7 c3 35. Nb4 Rb1 36. Nd3 c2 37. Rc7 Rd1 38. d6 Rxd3 39. f4 Rd1 40. d7 h5 41. e5 Kh6 42. e6 Nf5 43. Rxc2 Bd4 44. d8=Q Bg1+ 45. Kh1 Ng3# 0-1


[Site "https://www.chess.com"]

[Event "Titled Tuesday Blitz April 26 Early 2022"]
[White "Onslow, Alfie"]
[Black "Zlatin, Alexander"]
[WhiteFideId "436976"]
[BlackFideId "2810549"]
[WhiteElo "1884"]
[BlackElo "2228"]
[Result "1-0"]
[Round "07"]
[TimeControl "180+1"]
[Date "2022.04.26"]
[WhiteClock "0:00:35"]
[BlackClock "0:00:02"]

1. e4 e5 2. Bc4 Nf6 3. d3 Nc6 4. Nc3 Bc5 5. f4 d6 6. f5 Na5 7. Nf3 c6 8. Bb3 Nxb3 9. axb3 a5 10. Qe2 b5 11. Be3 Qb6 12. Bxc5 Qxc5 13. Qf2 Qxf2+ 14. Kxf2 b4 15. Ne2 c5 16. Ra2 g6 17. Ng3 Bd7 18. Rha1 a4 19. bxa4 O-O 20. b3 Rfe8 21. fxg6 fxg6 22. h3 d5 23. Re1 Bc6 24. exd5 Nxd5 25. Nxe5 Nc3 26. Raa1 Bd5 27. Nc4 Rf8+ 28. Kg1 Rae8 29. Rxe8 Rxe8 30. a5 h5 31. Nb6 Bc6 32. a6 Rb8 33. Nc4 h4 34. a7 Rf8 35. Ne4 Nxe4 36. dxe4 Bxe4 37. Nb6 Ba8 38. Nxa8 Rxa8 39. Ra6 Kg7 40. Kf2 Kf7 41. Kf3 Ke7 42. Kg4 Kd7 43. Kxh4 Kc7 44. Rxg6 Rh8+ 45. Kg4 Kb7 46. Rg7+ Ka8 47. Rc7 Rg8+ 48. Kf3 Rf8+ 49. Ke3 Rg8 50. g4 Rh8 51. Rxc5 Rxh3+ 52. Kf4 Kxa7 53. Rc4 Rh2 54. Rxb4 Rxc2 55. g5 Rf2+ 56. Ke5 Ka6 57. g6 Ka5 58. Rb8 Rg2 59. Kf6 Ka6 60. g7 Rf2+ 61. Ke7 Re2+ 62. Kf8 Rf2+ 63. Kg8 Ka7 64. Rf8 Rh2 65. Rf7+ Kb8 66. Kf8 Kc8 67. g8=Q Rd2 68. Ke7+ Kc7 69. Ke6+ 1-0


[Site "https://www.chess.com"]

[Event "Titled Tuesday Blitz April 26 Early 2022"]
[White "Oparin, Grigoriy"]
[Black "Moussard, Jules"]
[WhiteFideId "24125890"]
[BlackFideId "642908"]
[WhiteElo "2665"]
[BlackElo "2589"]
[Result "1/2-1/2"]
[Round "07"]
[TimeControl "180+1"]
[Date "2022.04.26"]
[WhiteClock "0:00:08"]
[BlackClock "0:00:09"]

1. e4 c5 2. Nf3 e6 3. d4 cxd4 4. Nxd4 Nc6 5. Nc3 Qc7 6. Be3 a6 7. g4 h6 8. h4 Nf6 9. Nxc6 bxc6 10. Qf3 d5 11. g5 Nd7 12. O-O-O hxg5 13. hxg5 Rxh1 14. Qxh1 Bb7 15. g6 fxg6 16. Qh3 Qd6 17. exd5 cxd5 18. Ne4 Qe5 19. Ng5 Nc5 20. f4 Qf5 21. Qh8 O-O-O 22. Bh3 Qf6 23. Qh4 d4 24. Bf2 Be7 25. Nxe6 Nxe6 26. Qxf6 Bxf6 27. Bxe6+ Kc7 28. Bc4 g5 29. fxg5 Bxg5+ 30. Kb1 Be3 31. Bg3+ Kb6 32. b4 g5 33. Rf1 Rc8 34. Bd3 Bd5 35. Rf6+ Rc6 36. Rf5 Bc4 37. Bxc4 Rxc4 38. a3 Rc3 39. Rf6+ Kb7 40. Kb2 Bc1+ 41. Kxc1 Rxg3 42. Kb2 d3 43. cxd3 Rxd3 44. Rg6 Rg3 45. a4 Rg2+ 46. Kb3 g4 47. Rg7+ Kb6 48. Rg6+ Kb7 49. Rg7+ Kb6 50. Rg6+ Kb7 1/2-1/2


[Site "https://www.chess.com"]

[Event "Titled Tuesday Blitz April 26 Early 2022"]
[White "Ovezdurdyyeva, Jemal"]
[Black "Mangialardo, Tiago Carvalho"]
[WhiteFideId "14001888"]
[BlackFideId "2130718"]
[WhiteElo "1946"]
[BlackElo "2063"]
[Result "0-1"]
[Round "07"]
[TimeControl "180+1"]
[Date "2022.04.26"]
[WhiteClock "0:00:12"]
[BlackClock "0:00:02"]

1. e4 Nf6 2. e5 Nd5 3. d4 d6 4. Nf3 Nc6 5. c4 Nb6 6. Bf4 dxe5 7. Bxe5 Bg4 8. Bd3 f6 9. Bg3 Nxd4 10. O-O Nxf3+ 11. gxf3 Bh3 12. Re1 Qd7 13. Qc2 O-O-O 14. Bxh7 f5 15. Bg6 e6 16. c5 Nd5 17. c6 bxc6 18. Qe2 Rh6 19. Qa6+ Kb8 20. Bxf5 exf5 21. Nc3 Rg6 22. Nxd5 Qxd5 23. Qa4 Qxf3 24. Re3 Qg2# 0-1


[Site "https://www.chess.com"]

[Event "Titled Tuesday Blitz April 26 Early 2022"]
[White "Papasimakopoulos, Alexandros"]
[Black "Martinez Alcantara, Jose Eduardo"]
[WhiteFideId "4244125"]
[BlackFideId "3805662"]
[WhiteElo "2340"]
[BlackElo "2690"]
[Result "0-1"]
[Round "07"]
[TimeControl "180+1"]
[Date "2022.04.26"]
[WhiteClock "0:00:03"]
[BlackClock "0:00:41"]

1. d4 Nf6 2. c4 e6 3. Nc3 Bb4 4. Qc2 Nc6 5. Nf3 d6 6. Bd2 Qe7 7. a3 Bxc3 8. Bxc3 e5 9. d5 Nb8 10. e4 O-O 11. g3 a5 12. b3 c6 13. Bg2 Nbd7 14. O-O cxd5 15. cxd5 b5 16. b4 axb4 17. axb4 Rxa1 18. Rxa1 Nb6 19. Nd2 Bd7 20. Qd3 Na4 21. Nb3 Rc8 22. Bd2 Qd8 23. Rc1 Nb2 24. Rxc8 Qxc8 25. Qc3 Nc4 26. f3 Qa8 27. Na5 Qa7+ 28. Kf1 Nxd2+ 29. Qxd2 g6 30. Qf2 Qc7 31. Qd2 Kg7 32. Ke1 Ng8 33. Bf1 Ne7 34. Bd3 Qb6 35. Qf2 Qc7 36. Qc2 Qa7 37. Qf2 Qb8 38. f4 f6 39. Kd2 h5 40. h4 Qc7 41. fxe5 fxe5 42. Qf1 Qb8 43. Qc1 Qa7 44. Ke2 Bg4+ 45. Kd2 Qf2+ 46. Kc3 Qd4+ 47. Kc2 Qxb4 48. Nb3 Ng8 49. Qa1 Nf6 50. Qa7+ Bd7 51. Qa5 Qa4 52. Qxa4 bxa4 53. Na5 Ng4 54. Nb7 Nf2 55. Nxd6 a3 56. Bc4 Kf6 57. Kb3 Ke7 58. Nb7 Nxe4 59. d6+ Nxd6 60. Nxd6 Kxd6 61. Bf7 Be6+ 62. Bxe6 Kxe6 63. Kxa3 Kf5 0-1


[Site "https://www.chess.com"]

[Event "Titled Tuesday Blitz April 26 Early 2022"]
[White "Petrovskyi, Vadym"]
[Black "Xiong, Jeffery"]
[WhiteFideId "14165210"]
[BlackFideId "2047640"]
[WhiteElo "2400"]
[BlackElo "2727"]
[Result "0-1"]
[Round "07"]
[TimeControl "180+1"]
[Date "2022.04.26"]
[WhiteClock "0:00:37"]
[BlackClock "0:00:18"]

1. e4 g6 2. d4 Bg7 3. Nc3 a6 4. f4 b5 5. Nf3 d6 6. Bd3 Nd7 7. Be3 Bb7 8. e5 Nh6 9. Ne4 c5 10. c3 O-O 11. Qd2 cxd4 12. cxd4 Nb6 13. b3 Nd5 14. Bf2 dxe5 15. fxe5 Ng4 16. O-O Bh6 17. Qb2 Nf4 18. Bb1 Rc8 19. Bg3 Ne6 20. Rd1 Ne3 21. Re1 Qd7 22. h3 Rfd8 23. Bf2 Nxg2 24. Kxg2 Nf4+ 25. Kg1 Qxh3 26. Nh4 g5 27. Re3 Qg4+ 28. Rg3 Ne2+ 29. Qxe2 Qxe2 30. Bd3 Qb2 31. Re1 Rxd4 32. Nf5 Rxd3 33. Rxd3 Bxe4 34. Rxe4 Qb1+ 35. Kg2 Qxd3 36. Nxh6+ Kf8 37. Rg4 Rc2 38. Rxg5 Rxf2+ 39. Kg1 Qf1# 0-1


[Site "https://www.chess.com"]

[Event "Titled Tuesday Blitz April 26 Early 2022"]
[White "Pham, Tran Gia Phuc"]
[Black "Omariev, Maksim"]
[WhiteFideId "12415669"]
[BlackFideId "4193423"]
[WhiteElo "1789"]
[BlackElo "2487"]
[Result "0-1"]
[Round "07"]
[TimeControl "180+1"]
[Date "2022.04.26"]
[WhiteClock "0:00:02"]
[BlackClock "0:00:45"]

1. e4 h5 2. d4 h4 3. f4 h3 4. g3 d5 5. e5 Bf5 6. Bd3 Nh6 7. Nf3 e6 8. Bxf5 Nxf5 9. g4 Nh4 10. O-O c5 11. c3 Nc6 12. Be3 Qb6 13. Nxh4 Rxh4 14. Rf2 O-O-O 15. Na3 Kb8 16. Kh1 Be7 17. Rb1 f6 18. Nc2 g5 19. exf6 Bxf6 20. fxg5 Be7 21. Qf3 e5 22. Qg3 Rhh8 23. dxe5 d4 24. cxd4 cxd4 25. Bf4 d3 26. e6+ Ka8 27. Ne3 Nd4 28. Rc1 Ne2 29. Rxe2 dxe2 30. Bc7 Qxb2 31. Re1 Rd3 32. Be5 Qd2 33. Bf4 Bc5 34. g6 Bxe3 35. g7 Rg8 36. e7 Bxf4 37. Qf2 Qxe1+ 0-1


[Site "https://www.chess.com"]

[Event "Titled Tuesday Blitz April 26 Early 2022"]
[White "Pires, Marcos Vinicius Torsani"]
[Black "Laohawirapap, Prin"]
[WhiteFideId "2118939"]
[BlackFideId "6205003"]
[WhiteElo "2273"]
[BlackElo "1832"]
[Result "1-0"]
[Round "07"]
[TimeControl "180+1"]
[Date "2022.04.26"]
[WhiteClock "0:00:16"]
[BlackClock "0:00:03"]

1. d4 Nf6 2. Bf4 g6 3. e3 Bg7 4. Nf3 O-O 5. Be2 d6 6. h3 Nbd7 7. O-O b6 8. c4 Bb7 9. Nc3 Ne4 10. Nxe4 Bxe4 11. Nd2 Bb7 12. Bf3 Qc8 13. Bxb7 Qxb7 14. Qf3 Qxf3 15. Nxf3 e5 16. dxe5 dxe5 17. Bg3 Rfe8 18. Rad1 Rad8 19. Rd5 Nc5 20. Rxd8 Rxd8 21. Bxe5 Bxe5 22. Nxe5 Rd2 23. b4 Ne4 24. a3 Ra2 25. f3 Nd6 26. c5 bxc5 27. bxc5 Nf5 28. Ng4 h5 29. Nf6+ Kg7 30. Nd5 c6 31. e4 Ng3 32. Nb4 Rxa3 33. Rd1 Rc3 34. Nxc6 Rxc5 35. Nxa7 h4 36. e5 Rxe5 37. Nc6 Rc5 38. Nb4 Rb5 39. Nd5 Rb2 40. Nf4 g5 41. Nd3 Rc2 42. Nf2 Ne2+ 43. Kf1 Ng3+ 44. Kg1 Kg6 45. Ne4 Nxe4 46. fxe4 Re2 47. Rd6+ f6 48. Re6 Kf7 49. Ra6 Rxe4 50. Kf2 Rb4 51. Rc6 Rb2+ 52. Kf3 Kg6 53. Rc5 Kh5 54. Rf5 Rb1 55. Kf2 Kg6 56. Ra5 Rb4 57. Rc5 Rf4+ 58. Ke2 Rf5 59. Rc8 Re5+ 60. Kf3 Kf5 61. Rf8 Ra5 62. Kf2 Ra2+ 63. Kf3 Ra3+ 64. Kf2 Ra6 65. Rf7 Kf4 66. Rb7 Ra2+ 67. Kf1 Ra4 68. Rb3 f5 69. Kf2 Ra2+ 70. Kf1 Rc2 71. Ra3 Rd2 72. Ra4+ Rd4 73. Ra3 Re4 74. Rb3 Re3 75. Rb4+ Kg3 76. Rb1 Ra3 77. Kg1 f4 78. Rf1 f3 79. gxf3 Rxf3 80. Rc1 Kxh3 81. Kh1 g4 82. Rg1 g3 83. Re1 Ra3 84. Rb1 Rf3 85. Rg1 Rf2 86. Ra1 Ra2 87. Rxa2 Kg4 88. Ra4+ Kh3 89. Ra3 Kg4 90. Kg1 Kh3 91. Ra4 g2 92. Ra3+ Kg4 93. Kxg2 1-0


[Site "https://www.chess.com"]

[Event "Titled Tuesday Blitz April 26 Early 2022"]
[White "Polster, Christian"]
[Black "Dwilewicz, Katarzyna"]
[WhiteFideId "12965081"]
[BlackFideId "1148486"]
[WhiteElo "2292"]
[BlackElo "1907"]
[Result "0-1"]
[Round "07"]
[TimeControl "180+1"]
[Date "2022.04.26"]
[WhiteClock "0:00:01"]
[BlackClock "0:01:09"]

1. e4 e5 2. Nf3 Nc6 3. Bc4 Bc5 4. O-O Nf6 5. b4 Bxb4 6. c3 Be7 7. d4 d6 8. Ng5 O-O 9. f4 h6 10. Nf3 Nxe4 11. fxe5 dxe5 12. Qe1 Nd6 13. Bb3 exd4 14. cxd4 Bg4 15. Nbd2 Bf6 16. Kh1 Nxd4 17. Nxd4 Bxd4 18. Rb1 Bf5 19. Rxf5 Nxf5 20. Qe4 Qf6 21. Nf3 Rae8 22. Qg4 c5 23. Bf4 Re4 24. Bc2 Ne3 25. Bxe4 Nxg4 0-1


[Site "https://www.chess.com"]

[Event "Titled Tuesday Blitz April 26 Early 2022"]
[White "Pourkashiyan, Atousa"]
[Black "Subelj, Jan"]
[WhiteFideId "12502014"]
[BlackFideId "14618583"]
[WhiteElo "2247"]
[BlackElo "2306"]
[Result "1-0"]
[Round "07"]
[TimeControl "180+1"]
[Date "2022.04.26"]
[WhiteClock "0:00:10"]
[BlackClock "0:00:01"]

1. e4 c5 2. Nf3 Nc6 3. d4 cxd4 4. Nxd4 Nf6 5. Nc3 e5 6. Ndb5 d6 7. Bg5 a6 8. Na3 b5 9. Nd5 Be7 10. Bxf6 Bxf6 11. c4 b4 12. Nc2 O-O 13. Be2 Be6 14. O-O a5 15. Qd3 Bg5 16. Rad1 Rc8 17. b3 Nb8 18. Nde3 Be7 19. Nd5 Bg5 20. Nde3 Rc6 21. Bg4 Nd7 22. Nf5 g6 23. h4 Nc5 24. Qh3 Bf6 25. Nfe3 h5 26. Bxe6 fxe6 27. g3 Qe7 28. f3 Kg7 29. Ne1 a4 30. Nd3 axb3 31. Nxc5 Rxc5 32. axb3 Ra5 33. Rd2 Rfa8 34. Rfd1 Ra1 35. Qf1 Rxd1 36. Qxd1 Qa7 37. Kf2 Be7 38. Ke2 Qc5 39. Qb1 Bd8 40. Ra2 Bb6 41. Nd1 Ra3 42. Rd2 Qg1 43. Qd3 Qg2+ 44. Ke1 Qxg3+ 45. Ke2 Qh2+ 46. Ke1 Qxh4+ 47. Ke2 Qh2+ 48. Ke1 Qg1+ 49. Ke2 Bc5 50. Ne3 Ra1 51. Rd1 Qh2+ 52. Ke1 Rxd1+ 53. Nxd1 Qg1+ 54. Ke2 h4 55. Qb1 h3 56. Qa1 h2 57. Qa8 Kh6 58. Qh8+ Kg5 59. f4+ exf4 60. Qd8+ Kg4 61. Qf6 1-0


[Site "https://www.chess.com"]

[Event "Titled Tuesday Blitz April 26 Early 2022"]
[White "Pranav, V"]
[Black "Harikrishna, Pentala"]
[WhiteFideId "25060783"]
[BlackFideId "5007003"]
[WhiteElo "2349"]
[BlackElo "2574"]
[Result "1-0"]
[Round "07"]
[TimeControl "180+1"]
[Date "2022.04.26"]
[WhiteClock "0:00:32"]
[BlackClock "0:00:08"]

1. Nf3 d5 2. g3 g6 3. Bg2 Bg7 4. O-O e5 5. d3 Ne7 6. e4 O-O 7. Nbd2 Nbc6 8. exd5 Nxd5 9. Re1 Re8 10. Nc4 Nb6 11. Ne3 h6 12. a4 a5 13. Nd2 Be6 14. Ne4 Nd7 15. h4 f5 16. Nc3 Nf6 17. Nb5 Qd7 18. Nc4 Bd5 19. Bxd5+ Nxd5 20. c3 Rad8 21. Bd2 Kh7 22. Qf3 Nf6 23. Rad1 Qf7 24. b3 Rd5 25. d4 exd4 26. Rxe8 Nxe8 27. Re1 Nf6 28. cxd4 Nxd4 29. Nxd4 Rxd4 30. Qxb7 Ne4 31. Be3 Rd3 32. Qb5 g5 33. hxg5 hxg5 34. Ne5 Bxe5 35. Qxd3 Nd6 36. Bxg5 Qg7 37. Qf3 Kg8 38. Qd5+ Nf7 39. Bf4 Bxf4 40. Re8+ Kh7 41. Qxf5+ Qg6 42. Qxg6+ Kxg6 43. gxf4 1-0


[Site "https://www.chess.com"]

[Event "Titled Tuesday Blitz April 26 Early 2022"]
[White "Rom, Jasper"]
[Black "Prieto Aranguren, Alain"]
[WhiteFideId "2023733"]
[BlackFideId "2268906"]
[WhiteElo "2233"]
[BlackElo "2235"]
[Result "0-1"]
[Round "07"]
[TimeControl "180+1"]
[Date "2022.04.26"]
[WhiteClock "0:00:44"]
[BlackClock "0:01:16"]

1. e4 c6 2. d4 d5 3. Nd2 a6 4. Ngf3 Bg4 5. Bd3 e6 6. h3 Bh5 7. c3 Nf6 8. Qe2 Be7 9. e5 Nfd7 10. b4 b6 11. Nb3 c5 12. bxc5 bxc5 13. Bc2 c4 14. Nbd2 Nc6 15. O-O Qa5 16. Qe3 Bg6 17. Ne1 Bd8 18. f4 Ne7 19. g4 Bxc2 20. Nxc2 g6 21. Ba3 Rb8 22. Bb4 Qa4 23. Ne1 a5 24. Bd6 Rb2 25. a3 Nc8 26. f5 gxf5 27. gxf5 Rg8+ 28. Kh1 Bg5 29. fxe6 Nxd6 30. exd7+ Qxd7 0-1


[Site "https://www.chess.com"]

[Event "Titled Tuesday Blitz April 26 Early 2022"]
[White "Rottenwohrer Suarez, Juan"]
[Black "Kucuksari, Kaan"]
[WhiteFideId "32068182"]
[BlackFideId "6380166"]
[WhiteElo "2158"]
[BlackElo "2305"]
[Result "0-1"]
[Round "07"]
[TimeControl "180+1"]
[Date "2022.04.26"]
[WhiteClock "0:00:01"]
[BlackClock "0:00:14"]

1. Nf3 Nf6 2. g3 d5 3. Bg2 e6 4. O-O Bd6 5. d3 O-O 6. Nc3 c6 7. e4 Nbd7 8. Qe2 e5 9. exd5 cxd5 10. Bg5 h6 11. Bxf6 Nxf6 12. Nxe5 d4 13. Nb5 Bb8 14. f4 Qb6 15. a4 a6 16. Nc4 Qc5 17. b4 Qxb4 18. Nb6 Bg4 19. Qe1 Qc5 20. Nxa8 axb5 21. axb5 Re8 22. Qa5 Re2 23. Rae1 Rxg2+ 24. Kxg2 Qd5+ 25. Kg1 Bh3 26. Rf2 Bxf4 27. gxf4 Ng4 28. Re8+ Kh7 29. Qd8 Qxb5 30. Rh8+ Kg6 31. f5+ Kh5 32. Rf1 Qe5 33. Rxh6+ gxh6 0-1


[Site "https://www.chess.com"]

[Event "Titled Tuesday Blitz April 26 Early 2022"]
[White "Safarli, Eltaj"]
[Black "Nazari, Arad"]
[WhiteFideId "13402129"]
[BlackFideId "12577324"]
[WhiteElo "2634"]
[BlackElo "2129"]
[Result "1-0"]
[Round "07"]
[TimeControl "180+1"]
[Date "2022.04.26"]
[WhiteClock "0:00:46"]
[BlackClock "0:00:13"]

1. e4 c5 2. Nc3 Nc6 3. Bb5 Nd4 4. Nf3 a6 5. Bd3 Nc6 6. O-O g6 7. a3 Bg7 8. Rb1 d6 9. b4 b5 10. bxc5 dxc5 11. a4 b4 12. Nd5 e6 13. Ne3 Nge7 14. Nc4 O-O 15. e5 a5 16. Bb2 Ba6 17. Re1 Nf5 18. Qe2 Rb8 19. Qe4 Ncd4 20. Bxd4 Nxd4 21. Nxd4 Bxc4 22. Nc6 Bd5 23. Nxd8 Bxe4 24. Rxe4 Rfxd8 25. f4 Bf8 26. Rb3 Rbc8 27. Rc4 Rd4 28. Rxd4 cxd4 29. Kf2 f6 30. exf6 Kf7 31. Kf3 Kxf6 32. Ke4 Rd8 33. Bc4 Bc5 34. g4 h6 35. Rh3 Bf8 36. d3 Bg7 37. Rf3 Ke7 38. h4 Rf8 39. Rh3 Rh8 40. h5 g5 41. fxg5 hxg5 42. Rf3 Rf8 43. Rxf8 Kxf8 44. Bxe6 Ke7 45. Kf5 Bh6 46. Bc4 1-0


[Site "https://www.chess.com"]